 Dungeon Crawl Stone Soup version 0.31.0-9-g3a7656b989 (webtiles) character file.

Game seed: 5259170268912767957

34 qw the Shooter (level 3, -1/18 HPs)
             Began as a Spriggan Hunter on Feb 2, 2024.
             Slain by a black bear (5 damage)
             ... on level 2 of the Dungeon.
             The game lasted 00:00:03 (1326 turns).

qw the Shooter (Spriggan Hunter)                    Turns: 1326, Time: 00:00:03

Health: -1/18      AC:  2    Str:  7    XL:     3   Next: 14%
Magic:  4/4        EV: 19    Int: 10    God:
Gold:   105        SH:  0    Dex: 20    Spells: 2/2 levels left

rFire   . . .        a - +2 shortbow
rCold   . . .        (shield currently unavailable)
rNeg    . . .        c - +0 robe
rPois   .            (helmet restricted)
rElec   .            (no cloak)
rCorr   .            (gloves unavailable)
SInv    +            (boots unavailable)
Will    .....        (no amulet)
Stlth   ++           (no ring)
HPRegen 0.23/turn    (no ring)
MPRegen 0.09/turn

%: no passive effects
@: very quick
A: very small, no large weapons, unfitting armour, see invisible, speed 3
a: no special abilities


You were on level 2 of the Dungeon.
You visited 1 branch of the dungeon, and saw 2 of its levels.

You collected 105 gold pieces.


Innate Abilities, Weirdness & Mutations

You are very small and have problems with some larger weapons.
You are too small for most types of armour.
You have supernaturally acute eyesight. (SInv)
You cover ground extremely quickly. (Speed+++)


   Skills:
 - Level 1.5 Fighting
 + Level 4.5 Ranged Weapons
 - Level 4.0 Dodging
 - Level 1.5 Stealth


You had 2 spell levels left.
You didn't know any spells.
Your spell library was empty.

Inventory:

Hand Weapons
 a - a +2 shortbow (weapon)
Armour
 c - a +0 robe (worn)
Scrolls
 b - a scroll of vulnerability {unknown}
 d - a scroll of blinking {unknown}
 f - a scroll of enchant armour {unknown}
Potions
 e - a potion of mutation
 g - a potion of resistance {unknown}
 h - a potion of enlightenment {unknown}

Dungeon Overview and Level Annotations

Branches:
Dungeon (2/15)

Altars:


Message History

h - a red potion
Found a stone staircase leading up.
Enter note:
Enter note:
Enter note:
Found a stone staircase leading down.
A black bear comes into view.
You shoot an arrow. The arrow hits the black bear.
The black bear growls angrily.
The black bear is lightly wounded.
You shoot an arrow.
The arrow completely misses the black bear.
The black bear misses you. The black bear completely misses you.
The black bear claws you.
You shoot an arrow. The arrow hits the black bear.
The black bear is moderately wounded.
The black bear completely misses you. The black bear misses you.
The black bear closely misses you.
You shoot an arrow. The arrow hits the black bear!
The black bear is severely wounded.
The black bear completely misses you. The black bear barely misses you. x2
You shoot an arrow. The arrow hits the black bear.
The black bear is almost dead.
The black bear goes berserk!
The black bear barely misses you. The black bear misses you.
The black bear claws you.
You shoot an arrow. The arrow hits the black bear.
The black bear is almost dead.
The black bear misses you. The black bear barely misses you.
The black bear claws you.
You shoot an arrow. The arrow hits the black bear.
The black bear is almost dead.
The black bear completely misses you. The black bear claws you.
The black bear claws you but does no damage.
The black bear misses you. x2
The black bear claws you but does no damage.
You shoot an arrow. The arrow hits the black bear.
The black bear is almost dead.
The black bear closely misses you. The black bear barely misses you. x2
The black bear misses you. The black bear claws you.
You die...

## ###.#.# #.#.# #
#....#.#.####.#.##
#.#.##.#.#......#.##
#.#.#..#.#.....[#.##
#.#.#..#.#......#.##
##....#.#.#.####.#.##
#>...............#.##
#..#..#.#.#......#.#.
#@................
#h##########.##.##
#.. ...........##
#.## #####........
#.# #........ #.#
#........ #.#
#........ #.#
######'## #####...


You could see a black bear (berserk).

Vanquished Creatures
  A dart slug (D:2)
  5 endoplasms
  A giant cockroach (D:1)
  4 goblins
  6 hobgoblins
  A ball python (D:1)
  3 bats
  2 frilled lizards
  A kobold (D:1)
  5 rats
29 creatures vanquished.

Notes
Turn   | Place    | Note
-------+----------+-------------------------------------------
     0 | D:1      | qw the Spriggan Hunter began the quest for the Orb.
     0 | D:1      | Reached XP level 1. HP: 10/10 MP: 2/2
     0 | D:1      | 0 ||| qw: Version: 0.3-a-155-g5e7d8dd
     0 | D:1      | 0 ||| qw: Game counter: 2284
     0 | D:1      | 0 ||| qw: Melee chars always use a shield: true
     0 | D:1      | 0 ||| qw: God list: Okawaru
     0 | D:1      | 0 ||| qw: Allow faded altars: false
     0 | D:1      | 0 ||| qw: Do Orc after clearing Dungeon:15 true
     0 | D:1      | 0 ||| qw: Do second Lair branch before Depths: true
     0 | D:1      | 0 ||| qw: Lair rune preference: random
     0 | D:1      | 0 ||| qw: Goals: Normal
     0 | D:1      | 0 ||| PLANNING D:1-11
   208 | D:1      | Reached skill level 3 in Dodging
   363 | D:1      | Reached XP level 2. HP: 14/14 MP: 3/3
   973 | D:1      | 973 ||| READING 2 scrolls labelled LID WANEVYREDO.
   973 | D:1      | 973 ||| ENCHANTING +0 shortbow.
   974 | D:1      | 974 ||| READING scroll of enchant weapon.
   974 | D:1      | 974 ||| ENCHANTING +1 shortbow.
   975 | D:1      | 975 ||| READING scroll labelled JYENGI YXINAUHO.
   976 | D:1      | 976 ||| READING scroll labelled KARITA ELAARCH.
   976 | D:1      | 976 ||| IDENTIFYING fizzy brown potion
   977 | D:1      | 977 ||| DROPPING scroll of butterflies.
  1133 | D:2      | Reached XP level 3. HP: 18/18 MP: 4/4
  1316 | D:2      | Noticed a black bear
  1325 | D:2      | HP: 3/18 [black bear (4)]
  1326 | D:2      | Slain by a black bear

Levels and vault maps discovered:
D:1:      dpeg_cavernosity, layout_basic, chequers_mini_garden
D:2:      cheibrodos_old_hovel, layout_basic, ebering_ecumenical_altar_hall

Skill      XL: |  1  2 |
---------------+-------+-----
Dodging        | 3 4 |  4.0
Fighting       | |  1.5
Ranged Weapons | |  4.5
Stealth        | |  1.5

Action                     || total
---------------------------++-------
   Fire: Shortbow          ||    68
    Use: Scroll            ||     4
 Armour: Robe              ||    12
  Dodge: Dodged            ||    42

Table legend:
 A = Non-vault XP
 B = Vault XP
 C = Vault XP percentage of total XP
 D = Non-vault monster count
 E = Vault monster count
 F = Vault count percentage of total count
                 A         B        C        D         E       F
            +---------+---------+-------+---------+---------+-------
      Total |      42 |       7 |  14.3 |      24 |       5 |  17.2
            +---------+---------+-------+---------+---------+-------
        D:1 |      30 |       5 |  14.3 |      18 |       4 |  18.2
        D:2 |      12 |       2 |  14.3 |       6 |       1 |  14.3
            +---------+---------+-------+---------+---------+-------
